 Dungeon Crawl Stone Soup version 0.16-a0-3976-g683f154 (console) character file.

181 MarvinPA the Shooter (level 5, 42/42 HPs)
             Began as a Centaur Hunter on Feb 11, 2015.
             Quit the game on level 3 of the Dungeon.
             The game lasted 00:06:51 (3333 turns).

MarvinPA the Shooter (Centaur Hunter)               Turns: 3333, Time: 00:06:51

Health: 42/42      AC:  4    Str: 14    XL:     5   Next: 34%
Magic:  4/4        EV: 10    Int: 10    God:
Gold:   103        SH:  0    Dex: 11    Spells: 0 memorised, 4 levels left

rFire  . . .     SeeInvis .     a - +0 hand axe (elec)
rCold  + . .     Clarity  .     q - +0 robe {rC+}
rNeg   . . .     SustAb   .     (no shield)
rPois  .         Gourm    .     (no helmet)
rElec  .         Spirit   .     (no cloak)
rCorr  .         Warding  .     (no gloves)
rMut   .         Stasis   .     (no barding)
MR     .....                    (no amulet)
Stlth  +.........               (no ring)
                                (no ring)

@: very quick, not resistant to hostile enchantments, very unstealthy
A: hooves 3, deformed body, speed 2, tough skin 3
a: no special abilities


You were on level 3 of the Dungeon.
You were not hungry.

You visited 1 branch of the dungeon, and saw 3 of its levels.

You collected 103 gold pieces.


Innate Abilities, Weirdness & Mutations

You have hooves in place of feet.
Armour fits poorly on your strangely shaped body.
You cover ground very quickly.
You have extremely tough skin (AC +3).


   Skills:
 - Level 2.6 Fighting
 + Level 2.0 Axes
 - Level 7.3 Bows
 - Level 1.9 Dodging
 - Level 0.5 Stealth


You had 4 spell levels left.
You didn't know any spells.

Inventory:

Hand weapons
 a - a +0 hand axe of electrocution (weapon)
 b - a +1 shortbow
Missiles
 c - 7 arrows
Armour
 q - a +0 robe of cold resistance (worn)
Scrolls
 e - 4 scrolls of teleportation {unknown}
 i - a scroll of blinking {unknown}
 j - 3 scrolls of identify {unknown}
 l - 2 scrolls of immolation {unknown}
 n - a scroll of recharging {unknown}
 t - 2 scrolls of enchant weapon {unknown}
Potions
 d - a potion of poison {unknown}
 h - a potion of resistance {unknown}
 m - 3 potions of curing {unknown}
 o - a potion of flight {unknown}
 p - a potion of heal wounds {unknown}
 r - a potion of beneficial mutation {unknown}
Comestibles
 f - 3 bread rations
 k - a royal jelly
 s - a meat ration

Dungeon Overview and Level Annotations

Branches:
Dungeon (3/15)

Altars:
Cheibriados
Makhleb

#...............###.####......
#.#.#...............# #####..
#.#.......<.....##### #..
#...#.##.......## #..
#..###.#.†÷....# #.. ##.##
##..####..# ##. #.##
##....#..# #######.. ##.##
##..##....# #........
##.###.#.####c.# #.####...
##.#.##.......# ####.##.....
##.###......## #.......#..#
### ######## #.##.####...
#.##........ #.#########. #.#
#. #.# #. #.# ###.


There were no monsters in sight!


Message History

You butcher the felid corpse of Natasha.
g - a chunk of flesh You see here the felid skeleton of Natasha.
A quokka comes into view.
You see here a giant cockroach corpse.
A quokka is nearby!
The quokka bites you but does no damage.
You see here an arrow.
You hit the quokka but do no damage. You kick the quokka, but do no damage.
The quokka barely misses you. The quokka bites you.
You hit the quokka but do no damage. You kick the quokka.
The quokka is heavily wounded.
The quokka barely misses you.
You closely miss the quokka. You kick the quokka, but do no damage.
The quokka is heavily wounded.
The quokka bites you but does no damage.
You hit the quokka.
You kill the quokka!
No target in view!
No target in view!
c - 5 arrows (gained 1)
c - 6 arrows (gained 1) HP restored.
c - 7 arrows (gained 1)
Found an escape hatch in the ceiling.
There is an escape hatch in the ceiling here.
Eating a chunk of flesh.
Done exploring.
Done exploring.
Are you sure you want to abandon this character and quit the game? (Confirm with "yes".)

Action                   |  1- 3 |  4- 6 || total
-------------------------+-------+-------++-------
Melee: Whip              |    63 |    51 ||   114
       Hand axe          |       |    65 ||    65
 Fire: Shortbow          |    74 |    25 ||    99
  Eat: Chunk             |     1 |     4 ||     5
       Pizza             |       |     1 ||     1

Vault maps used:
D:1:      minmay_arrival_shattered_statue, minmay_close_crescents
D:2:      lemuel_doored_altar, cheibriados_altar_1, uniq_jessica
D:3:      uniq_natasha

Notes
Turn   | Place    | Note
--------------------------------------------------------------
     0 | D:1      | MarvinPA, the Centaur Hunter, began the quest for the Orb.
     0 | D:1      | Reached XP level 1. HP: 17/17 MP: 1/1
   175 | D:1      | Reached XP level 2. HP: 19/24 MP: 2/2
   271 | D:1      | Reached skill level 6 in Bows
   581 | D:1      | Reached XP level 3. HP: 29/29 MP: 3/3
  1002 | D:2      | Reached skill level 7 in Bows
  1005 | D:2      | Found a snail-covered altar of Cheibriados.
  1415 | D:2      | Reached XP level 4. HP: 36/36 MP: 3/3
  1948 | D:2      | Noticed Jessica
  1959 | D:2      | Killed Jessica
  1969 | D:2      | Found a burning altar of Makhleb.
  2520 | D:3      | Reached skill level 1 in Axes
  2609 | D:3      | Reached XP level 5. HP: 42/42 MP: 4/4
  2970 | D:3      | Noticed Natasha
  2983 | D:3      | Killed Natasha
  3248 | D:3      | Noticed Natasha
  3253 | D:3      | Killed Natasha
  3253 | D:3      | Reached skill level 2 in Axes
  3333 | D:3      | Quit the game

Vanquished Creatures
  Natasha (twice) (D:3)
  Jessica (D:2)
  4 adders (D:2)
  A gnoll (D:1)
  A white imp (D:3)
  A worm (D:2)
  A giant gecko (D:1)
  3 oozes
  An orc (D:3)
  5 giant cockroaches
  7 goblins
  6 hobgoblins
  10 jackals (D:2)
  2 quokkas (D:3)
  2 ball pythons (D:2)
  8 bats
  3 giant newts
  4 kobolds
  12 rats
74 creatures vanquished.
